 Dungeon Crawl Stone Soup version 0.25-a0-1002-gbcf8c60d55 (webtiles) character file.

Game seed: 5010516746068349004, levelgen mode: deterministic

302 Harbin the Insei (level 6, -4/48 HPs)
             Began as a Demonspawn Monk on May 11, 2020.
             Was a Believer of Ashenzari.
             Slain by Menkaure (22 damage)
             ... on level 4 of the Dungeon.
             The game lasted 00:20:35 (3546 turns).

Harbin the Insei (Demonspawn Monk)                  Turns: 3546, Time: 00:20:36

Health: -4/48      AC:  6    Str: 13    XL:     6   Next: 14%
Magic:  6/6        EV: 12    Int: 12    God:    Ashenzari [**....]
Gold:   182        SH:  4    Dex: 20    Spells: 5/5 levels left

rFire    . . .     SeeInvis .     - Unarmed
rCold    . . .     Gourm    .   (no shield)
rNeg     . . .     Faith    .   e - +0 ring mail
rPois    .         Spirit   .   k - +0 helmet
rElec    .         Reflect  .   (no cloak)
rCorr    .         Harm     .   (no gloves)
MR       .....                  (no boots)
Stlth    ++........             p - amulet of the acrobat
HPRegen  0.16/turn              l - +5 ring of dexterity
MPRegen  0.10/turn              (no ring)

@: no status effects
A: talons 1, large bone plates 1, demonic guardian 1
a: Curse Item, Scrying, Renounce Religion


You were on level 4 of the Dungeon.
You worshipped Ashenzari.
Ashenzari was pleased with you.
You were not hungry.

You visited 1 branch of the dungeon, and saw 4 of its levels.

You collected 182 gold pieces.

Inventory:

Armour
 a - a +0 robe
 e - a +0 ring mail (worn)
 f - a +0 robe
 i - a +0 leather armour
 k - a +0 helmet (worn)
 r - a +0 kite shield
Jewellery
 l - a +5 ring of dexterity (left hand)
 p - an amulet of the acrobat (around neck)
 s - an uncursed amulet of magic regeneration
Wands
 c - a wand of random effects (19)
Scrolls
 d - 3 scrolls of identify
 n - a scroll of teleportation
Potions
 g - a potion of magic
 h - 2 potions of curing
 j - a potion of lignification {unknown}
 m - a potion of haste {unknown}
 o - a potion of brilliance {unknown}
 t - a potion of heal wounds {unknown}
 u - a potion of flight {unknown}
Comestibles
 b - 6 rations


   Skills:
 * Level 3.8 Fighting
 + Level 0.1 Armour
 + Level 3.2 Dodging
 - Level 1.7 Stealth
 * Level 5.5 Unarmed Combat


You had 5 spell levels left.
You didn't know any spells.
Your spell library was empty.

Dungeon Overview and Level Annotations

Branches:
Dungeon (4/15)
 Temple: D:4-7

Altars:
Ashenzari
Dithmenos

Annotations:
D:4 Menkaure


Innate Abilities, Weirdness & Mutations

You have sharp toenails.
You are partially covered in large bone plates. (SH +4)
A weak demonic guardian rushes to your aid.


Message History

The scorpion is severely wounded.
Menkaure calls on the powers of darkness!
The scorpion convulses!
Your body is wracked with pain!
* * * LOW HITPOINT WARNING * * *
The scorpion barely misses you.
You feel better.
Your white imp closely misses Menkaure.
The scorpion barely misses you. Menkaure hits your white imp!!
Your white imp dies!
You hit the scorpion but do no damage.
You claw the scorpion, but do no damage.
The scorpion is almost dead.
The scorpion closely misses you.
You hit the scorpion but do no damage. Your kick misses the scorpion.
The scorpion is almost dead.
The scorpion stings you but does no damage.
Menkaure closely misses you.
You hit the scorpion.
You kill the scorpion!
Menkaure hits you!!
You die...

##..#.......#......'..)...
#....#......#......#......
#....#......#......#......
#########..##..###.############..
.#.##.#....###+###.##.## * ###
........................ ,,,
........................
................M....... ,
................@†......, ,
##..######.####5##..####
##'#######.###..# .#*
....#...........# ,.#,
....#.....).....# , #, , ,
....##..........# ,, ,
######..........# , #...........#
, , ##..######### * *,,


You could see Menkaure (fast) and a friendly ufetubus (summoned).

Vanquished Creatures
  A scorpion (D:4)
  An orc priest (D:4)
  An iguana (D:4)
  Natasha (D:2)
  A hound skeleton (D:4)
  4 adders
  3 oozes
  2 worms
  5 dart slugs
  3 leopard geckos
  7 orcs
  5 giant cockroaches
  10 goblins
  6 hobgoblins
  5 jackals
  11 kobolds
  A quokka (D:2)
  5 bats
  4 frilled lizards
  8 rats
84 creatures vanquished.

Vanquished Creatures (collateral kills)
  An orc wizard (D:4)
  Natasha (D:2)
  An adder (D:4)
  An orc (D:4)
4 creatures vanquished.

Grand Total: 88 creatures vanquished

Notes
Turn   | Place    | Note
-------+----------+-------------------------------------------
     0 | D:1      | Harbin the Demonspawn Monk began the quest for the Orb.
     0 | D:1      | Reached XP level 1. HP: 18/18 MP: 1/1
   151 | D:1      | Gained mutation: A weak demonic guardian rushes to your
                  | aid. [demonic ancestry]
   151 | D:1      | Reached XP level 2. HP: 14/24 MP: 2/2
   300 | D:1      | Reached skill level 3 in Unarmed Combat
   920 | D:1      | Gained mutation: You have sharp toenails. [demonic
                  | ancestry]
   920 | D:1      | Reached XP level 3. HP: 27/29 MP: 3/3
  1549 | D:2      | Reached XP level 4. HP: 34/35 MP: 4/4
  1586 | D:2      | Found a shattered altar of Ashenzari.
  1689 | D:2      | Found a shadowy altar of Dithmenos.
  1754 | D:2      | Reached skill level 4 in Unarmed Combat
  1883 | D:2      | Noticed Natasha
  1894 | D:2      | Killed Natasha
  2107 | D:2      | Noticed Natasha
  2113 | D:2      | Killed Natasha
  2113 | D:2      | Gained mutation: You are partially covered in large bone
                  | plates. (SH +4) [demonic ancestry]
  2113 | D:2      | Reached XP level 5. HP: 15/41 MP: 5/5
  2144 | D:2      | Became a worshipper of Ashenzari the Shackled
  2144 | D:2      | Reached * piety under Ashenzari
  2144 | D:2      | Reached ** piety under Ashenzari
  3139 | D:4      | Reached skill level 5 in Unarmed Combat
  3481 | D:4      | Reached XP level 6. HP: 48/48 MP: 6/6
  3539 | D:4      | Noticed Menkaure
  3546 | D:4      | Slain by Menkaure

Illustrated notes

Levels and vault maps discovered:
D:1:      grunt_arrival_crossed_arrows, layout_loops_ring
D:2:      layout_loops_ring, nicolae_ashenzari_panopticon,
          grunt_dithmenos_smoke_and_mirrors, uniq_natasha
D:3:      layout_loops_ring
D:4:      layout_gridville, marbit_many_paths, st_stairs_4,
          dk_yredelemnul_ordeal, uniq_menkaure

Skill      XL: |  1  2  3  4  5 |
---------------+----------------+-----
Unarmed Combat | 3 4 5 |  5.5
Dodging        | 3 |  3.2
Fighting       | |  3.8
Armour         | |  0.1
Stealth        | |  1.7

Action                   |  1- 3 |  4- 6 || total
-------------------------+-------+-------++-------
Melee: Unarmed           |   150 |   123 ||   273
       Kick              |    18 |    35 ||    53
       Punch             |     2 |     2 ||     4
  Use: Scroll            |     1 |     7 ||     8
       Potion            |       |     2 ||     2
 Stab: Sleeping          |     1 |     3 ||     4
       Distracted        |       |     1 ||     1
  Eat: Chunk             |     2 |     6 ||     8
Armor: Robe              |    18 |     6 ||    24
       Leather armour    |       |     9 ||     9
       Ring mail         |       |     3 ||     3
Dodge: Dodged            |    76 |    64 ||   140
Block: Other             |       |    11 ||    11

Table legend:
 A = Non-vault XP
 B = Vault XP
 C = Vault XP percentage of total XP
 D = Non-vault monster count
 E = Vault monster count
 F = Vault count percentage of total count
                 A         B        C        D         E       F
            +---------+---------+-------+---------+---------+-------
      Total |     342 |      90 |  20.8 |      84 |       4 |   4.5
            +---------+---------+-------+---------+---------+-------
        D:1 |      60 |       0 |   0.0 |      31 |       0 |   0.0
        D:2 |     102 |      34 |  25.0 |      30 |       1 |   3.2
        D:3 |      50 |       0 |   0.0 |      11 |       0 |   0.0
        D:4 |     130 |      56 |  30.1 |      12 |       3 |  20.0
            +---------+---------+-------+---------+---------+-------
